 Dungeon Crawl Stone Soup version 0.25-a0-565-g8875c97ebb (webtiles) character file.

Game seed: 936198251554034980, levelgen mode: deterministic

3224332 Flugslaktarn the Slayer (level 23, 202/202 HPs)
             Began as a Deep Dwarf Fighter on Feb 26, 2020.
             Was the Champion of Makhleb.
             Escaped with the Orb
             ... and 3 runes!
             The game lasted 00:22:55 (22773 turns).

Flugslaktarn the Slayer (Deep Dwarf Fighter)       Turns: 22773, Time: 00:22:56

Health: 202/202    AC: 41    Str: 27      XL:     23   Next: 64%
Magic:  20/20      EV: 13    Int:  3 (5)  God:    Makhleb [******]
Gold:   5015       SH:  0    Dex: 14 (15) Spells: 22/22 levels left

rFire    + + .     SeeInvis +   o - +11 battleaxe "Dragonbane" {speed, +Rage rN+ Int-4 Dex+3}
rCold    + + .     Gourm    .   (shield currently unavailable)
rNeg     + + +     Faith    .   l - +8 orange crystal plate armour {Archmagi, Int+3 Clar}
rPois    .         Spirit   .   H - +2 helmet
rElec    +         Reflect  .   j - scarf {cloud immunity}
rCorr    +         Harm     .   R - +2 pair of gloves of Lucidity {+Inv rElec rCorr}
MR       ++++.     Clarity  +   u - +2 pair of boots
Stlth    ..........             i - amulet of Xoatuebb {RegenMP rN+ MR+}
HPRegen  0.00/turn              G - ring of Vokuosk {rF+ SInv Stlth+}
MPRegen  0.42/turn              J - ring "Qiun" {+Blink rF+ rC++ Int-4 Slay+6}

@: non-regenerating
A: damage resistance, heal wounds, clarity, deformed body, deterioration 1,
frail 2, negative energy resistance 1, sense surroundings 3, screaming 1, weak
1, subdued magic 1, MP-powered wands, no regeneration
0: Orb of Zot
}: 3/15 runes: decaying, serpentine, silver
a: Heal Wounds, Minor Destruction, Lesser Servant of Makhleb, Major Destruction,
Greater Servant of Makhleb, Renounce Religion, Evoke Blink, Evoke Berserk Rage,
Evoke Invisibility


You escaped.
You worshipped Makhleb.
Makhleb was exalted by your worship.
You were hungry.

You visited 9 branches of the dungeon, and saw 46 of its levels.
You also visited: Sewer.

You collected 7175 gold pieces.
You spent 2160 gold pieces at shops.

Inventory:

Hand Weapons
 o - the +11 battleaxe "Dragonbane" (weapon) {speed, +Rage rN+ Int-4 Dex+3}
   (You bought it in a shop on level 8 of the Dungeon)

   Attacks with this weapon are significantly faster.
   It affects your intelligence (-4).
   It affects your dexterity (+3).
   It protects you from negative energy.
   It lets you go berserk.
 D - a +2 battleaxe of electrocution
   (You found it on level 10 of the Dungeon)
Missiles
 a - 2 throwing nets (quivered)
Armour
 j - a scarf of cloud immunity (worn)
   (You found it on level 12 of the Dungeon)
 l - the +8 orange crystal plate armour (worn) {Archmagi, Int+3 Clar}
   (You bought it in a shop on level 9 of the Dungeon)

   It affects your intelligence (+3).
   It protects you against confusion.
   If you remove this armour, your AC will decrease by 29 (41 -> 12).
 u - a +2 pair of boots (worn)
   (You found it on level 5 of the Dungeon)
 y - a +2 cloak
   (You took it off a draconian monk on level 5 of the Depths)
 H - a +2 helmet (worn)
   (You found it on level 11 of the Dungeon)
 R - the +2 pair of gloves of Lucidity (worn) {+Inv rElec rCorr}
   (You acquired it on level 1 of the Swamp)

   It insulates you from electricity.
   It lets you turn invisible.
   It provides partial protection from all sources of acid and corrosion.
   If you remove this armour, your AC will decrease by 4 (41 -> 37).
Jewellery
 c - an uncursed ring of protection from cold
   (You found it on level 1 of the Swamp)
 i - the amulet of Xoatuebb (around neck) {RegenMP rN+ MR+}
   (You acquired it on level 5 of the Vaults)

   [amulet of magic regeneration]

   It increases your magic regeneration.
   It protects you from negative energy.
   It affects your resistance to hostile enchantments.
 E - a +6 ring of strength
   (You found it on level 11 of the Dungeon)
 G - the ring of Vokuosk (left hand) {rF+ SInv Stlth+}
   (You found it on level 5 of the Vaults)

   [ring of stealth]

   It protects you from fire.
   It lets you see invisible.
   It makes you more stealthy.
 J - the ring "Qiun" (right hand) {+Blink rF+ rC++ Int-4 Slay+6}
   (You acquired it on level 1 of the Orcish Mines)

   [ring of protection from fire]

   It affects your intelligence (-4).
   It affects your accuracy and damage with ranged weapons and melee attacks
   (+6).
   It protects you from fire.
   It greatly protects you from cold.
   It lets you blink.
Wands
 B - a wand of enslavement (22)
   (You found it on level 12 of the Dungeon)
 P - a wand of iceblast (16)
   (You found it on level 15 of the Dungeon)
 X - a wand of clouds (7)
   (You found it on level 8 of the Dungeon)
 Z - a wand of paralysis (9)
   (You found it on level 4 of the Vaults)
Scrolls
 b - a scroll of silence
 m - 3 scrolls of magic mapping
 t - 6 scrolls of teleportation
 v - 4 scrolls of enchant armour
 x - 9 scrolls of remove curse
 A - 4 scrolls of fog
 L - 5 scrolls of immolation
 M - 3 scrolls of vulnerability
 O - 4 scrolls of fear
Potions
 d - a potion of might
 f - 5 potions of brilliance
 g - 2 potions of magic
 h - a potion of haste
 k - 4 potions of berserk rage
 n - a potion of resistance
 p - 3 potions of stabbing
 q - 12 potions of curing
 s - 2 potions of lignification
 w - 8 potions of heal wounds
 z - 2 potions of flight
 F - a potion of cancellation
 K - 4 potions of mutation
Comestibles
 e - 36 rations


   Skills:
 * Level 24.4 Fighting
 - Level 20.0 Axes
 + Level 22.6 Armour
 - Level 12.2 Dodging
   Level 6.1 Shields
 - Level 15.0 Invocations


You had 22 spell levels left.
You didn't know any spells.
Your spell library was empty.

Dungeon Overview and Level Annotations

Branches:
Dungeon (15/15)            Temple (1/1) D:5            Lair (5/6) D:10
  Swamp (4/4) Lair:3        Snake (4/4) Lair:2          Orc (2/2) D:11
    Elf (0/3) Orc:2        Vaults (5/5) D:14         Depths (5/5) D:15
    Zot (5/5) Depths:5      Sewer (visited)
  Slime: Lair:5-6     Crypt: Vaults:2-3

Altars:
Ashenzari
Cheibriados
Dithmenos
Elyvilon
Fedhas
Gozag
Hepliaklqana
Kikubaaqudgha
Makhleb
Nemelex Xobeh
Okawaru
Qazlal
Ru
Sif Muna
Trog
Uskayaw
Vehumet
Wu Jian
Xom
Yredelemnul
Zin
The Shining One
Beogh

Shops:
D:4 =   D:8 (   D:9 %[(=   Orc:2 ??[:

Portals:
Hell: Depths:2 Depths:5
Abyss: Depths:1
Pandemonium: Orc:2 Depths:1


Innate Abilities, Weirdness & Mutations

You are resistant to damage.
You can heal yourself by infusing magical energy.
You resist negative energy. (rN+)
You passively map a large area around you.
You do not regenerate.
You possess an exceptional clarity of mind.
Armour fits poorly on your strangely shaped body.
Your body sometimes deteriorates upon taking damage.
You are very frail. (-20% HP)
You occasionally shout uncontrollably at your foes.
You are weak. (Str -2)
Your spells are a little easier to cast, but a little less powerful.
You expend magic power (3 MP) to strengthen your wands.


Message History

A hellwing comes into view.
There is a stone staircase leading up here.
You climb upwards.
There is a stone staircase leading down here.
The hellwing hits you but does no damage. x2
You slash the hellwing!
The hellwing is moderately wounded.
You open the hellwing like a pillowcase!!!
You kill the hellwing!
Makhleb accepts your kill.
No target in view!
There is a stone staircase leading down here.
(D) Dungeon (T) Temple (L) Lair (S) Swamp (P) Snake Pit (O) Orcish Mines (E) Elven Halls (V) Vaults (U) Depths (H) Hell (Z) Zot
Where to? (Enter - D:1 @ (x,y), ? - help)
There is a stone staircase leading down here.
There is a staircase leading out of the dungeon here.
There is a staircase leading out of the dungeon here.
You have escaped!

##.##........####..#.#..* ,
##.#...................,* ,
##.#.........#.......# .# ,
, ##.#.##.....###.....###.#
, **
.............#.......#..#*,
,
##.....#.##.............#*
, .................# .....#
##.....###......###.....#
.......# #......@#......# ,
* ##.###.# ##.............#
##.###.# #..#.......#...
.....#.# #.###.....## ,
.....#[# ##..#.......#, * *
.###...# #.............. ,
.#.#..## #.#............ ,,
#.⌠.#.# #.#...######.###
.#.#..####.##.## .#


There were no monsters in sight!

Vanquished Creatures
  4 ancient liches (Zot:5)
  3 orbs of fire (Zot:5)
  A pandemonium lord (Zot:4)
  Boris (Depths:5)
  Saint Roka (Depths:2)
  7 Killer Klowns (Zot:5)
  4 golden dragons
  A bone dragon (Depths:5)
  3 electric golems
  An Ice Fiend (Depths:1)
  10 tentacled monstrosities
  3 liches
  24 Orb Guardians
  A quicksilver dragon (Zot:2)
  Frances (D:14)
  3 titans
  A thorn hunter (Swamp:4)
  9 death cobs
  2 sphinxes
  An Executioner (Zot:2)
  6 tengu reavers (Vaults:5)
  10 nagarajas
  8 storm dragons
  9 shadow dragons
  A daeva (D:14)
  2 draconian monks
  A deep elf sorcerer (Vaults:5)
  5 fire giants
  2 draconian knights
  6 frost giants
  2 ghost moths (Zot:5)
  6 draconian scorchers
  Aizul (Snake:3)
  An iron dragon (Vaults:5)
  4 draconian shifters
  A draconian annihilator (Zot:1)
  An angel (Depths:1)
  2 draconian stormcallers
  13 vault wardens
  A deep elf elementalist (Vaults:5)
  9 ironheart preservers
  7 stone giants
  2 entropy weavers
  A vampire knight (Depths:3)
  12 very ugly things
  A war gargoyle (Vaults:5)
  A deep elf demonologist (Vaults:5)
  6 green draconians
  Nessos (D:13)
  7 black draconians
  Azrael (D:13)
  4 purple draconians
  6 white draconians
  3 yellow draconians
  2 deep elf death magi (Vaults:5)
  3 large abominations (Vaults:5)
  4 red draconians
  A blizzard demon (D:4)
  4 ettins
  Josephine (Orc:1)
  A great orb of eyes (Depths:5)
  4 small abominations (Vaults:5)
  2 deep elf high priests (Vaults:5)
  3 fire dragons
  4 ogre magi
  30 vault guards
  Erolcha (D:13)
  10 hydras
  7 ice dragons
  23 naga warriors
  13 yaktaur captains
  2 rakshasas
  An anaconda (Snake:4)
  10 alligators
  10 centaur warriors
  2 dancing weapons (D:14)
  2 tengu warriors
  10 orc high priests (Orc:2)
  19 two-headed ogres
  A death knight (D:14)
  10 deep troll shamans
  7 deep troll earth magi
  4 hell hogs (D:14)
  2 soul eaters
  3 death yaks (Lair:5)
  2 spriggan berserkers
  A deep elf knight (Vaults:5)
  18 naga sharpshooters
  3 shock serpents
  Sonja (Lair:1)
  2 shadow wraiths
  A sun demon (Zot:4)
  A salamander mystic (Snake:4)
  A sixfirhy (Depths:2)
  5 unseen horrors
  A sea snake (shapeshifter) (Depths:5)
  10 ironbrand convokers
  24 deep trolls
  A gelid demonspawn (Orc:2)
  2 infernal demonspawn (Orc:2)
  2 glowing orange brains
  7 naga ritualists
  8 swamp dragons (Swamp:4)
  2 spriggan druids
  A deep troll (shapeshifter) (Vaults:5)
  8 orc knights
  A deep elf archer (Vaults:2)
  A lindwurm (Swamp:4)
  4 harpies
  4 wizards
  3 deep elf magi
  3 phantasmal warriors (Vaults:5)
  9 mana vipers
  4 orc sorcerers
  2 wolf spiders (Vaults:2)
  14 ugly things
  11 moths of wrath
  8 cyclopes
  5 elephants
  A manticore (shapeshifter) (Vaults:3)
  2 manticores
  Joseph (D:10)
  Maurice (D:8)
  3 rust devils
  A salamander (Snake:2)
  8 black mambas
  7 vault sentinels
  A smoke demon (D:14)
  8 guardian serpents
  Psyche (D:8)
  2 gargoyles
  8 naga magi
  An eye of devastation (shapeshifter) (Vaults:5)
  An orange demon (Orc:2)
  A torpor snail (Lair:5)
  9 spiny frogs
  A spiny frog (shapeshifter) (Vaults:2)
  6 freezing wraiths
  5 spectral swamp worms (Depths:5)
  4 komodo dragons
  A tormentor (D:14)
  29 yaktaurs
  2 hellwings
  A tengu conjurer (Depths:2)
  A jumping spider (Vaults:2)
  An ice devil (D:4)
  A red devil (Orc:2)
  10 trolls
  4 tyrant leeches
  6 hornets
  12 blink frogs
  2 polar bears
  6 bog bodies
  12 slime creatures
  5 hippogriffs
  A meliai zombie (D:14)
  6 redbacks
  5 spriggans
  3 shadows
  6 yaks
  12 wraiths
  A ynoxinul (Orc:2)
  8 wyverns
  2 fire elementals (D:13)
  4 hogs (D:10)
  4 basilisks
  A human (D:10)
  7 wargs
  13 vampire mosquitoes
  6 hungry ghosts
  A harpy simulacrum (D:14)
  2 acid dragons
  46 nagas
  12 swamp worms
  6 hell hounds (D:13)
  7 water moccasins
  2 floating eyes (shapeshifter) (Vaults:5)
  A black bear (shapeshifter) (Vaults:2)
  41 orc warriors
  4 porcupines
  2 black bears (D:11)
  9 swamp drakes (Swamp:4)
  4 ice beasts
  An eye of draining (D:13)
  12 ogres
  12 sky beasts
  8 boggarts (Vaults:2)
  A phantom (D:13)
  13 wolves
  26 centaurs
  5 necrophages
  8 crocodiles
  4 big kobolds
  17 bullfrogs
  3 scorpions
  16 wights
  An electric eel (D:8)
  9 howler monkeys
  9 crimson imps
  A bullfrog zombie (D:10)
  A quasit (D:11)
  A bullfrog skeleton (D:12)
  4 centaur zombies
  A gnoll shaman (D:4)
  7 hounds
  4 jellies
  28 orc priests
  3 centaur skeletons
  4 iguanas
  28 orc wizards
  13 worker ants
  A killer bee zombie (D:6)
  2 hound skeletons
  A mummy (D:9)
  2 howler monkey zombies (D:9)
  7 gnolls
  10 adders
  5 river rats
  2 shadow imps
  An ooze (D:6)
  3 adder zombies
  An adder skeleton (D:4)
  A worm (D:6)
  3 dart slugs
  2 leopard geckos
  110 orcs
  2 ball pythons
  3 bats
  A giant cockroach (D:7)
  2 goblins
  2 hobgoblins (D:1)
  14 jackals
  15 kobolds
  4 quokkas
  A frilled lizard (D:4)
  4 rats
  A bush (Lair:1)
  7 crawling corpses (Vaults:5)
1418 creatures vanquished.

Vanquished Creatures (collateral kills)
  A hydra (D:11)
  An orc priest (D:11)
2 creatures vanquished.

Vanquished Creatures (others)
  A black draconian (Zot:4)
  A naga sharpshooter (Snake:4)
  2 lindwurms (Swamp:4)
  A swamp worm (Swamp:4)
  An orc wizard (D:8)
  A jackal zombie (D:8)
  A plant (Depths:2)
8 creatures vanquished.

Grand Total: 1428 creatures vanquished

Notes
Turn   | Place    | Note
-------+----------+-------------------------------------------
     0 | D:1      | Flugslaktarn the Deep Dwarf Fighter began the quest for the
                  | Orb.
     0 | D:1      | Reached XP level 1. HP: 20/20 MP: 1/1
    56 | D:1      | Reached XP level 2. HP: 25/27 MP: 2/2
   216 | D:4      | Reached skill level 3 in Fighting
   244 | D:4      | Reached XP level 3. HP: 28/34 MP: 3/3
   262 | D:4      | Noticed an ogre
   272 | D:4      | Killed an ogre
   272 | D:4      | Reached XP level 4. HP: 22/44 MP: 4/4
   338 | D:4      | Reached XP level 5. HP: 45/50 MP: 5/5
   385 | D:4      | Reached skill level 4 in Fighting
   443 | D:4      | Reached XP level 6. HP: 33/57 MP: 6/6
   504 | D:4      | Found Uvoffif's Jewellery Shop.
   835 | D:4      | Reached skill level 5 in Axes
  1054 | D:5      | Entered Level 5 of the Dungeon
  1082 | D:5      | Reached XP level 7. HP: 50/66 MP: 7/7
  1207 | D:5      | Reached skill level 5 in Fighting
  1326 | D:5      | Found a staircase to the Ecumenical Temple.
  1343 | Temple   | Entered the Ecumenical Temple
  1443 | D:5      | Reached skill level 5 in Armour
  1443 | D:5      | Reached skill level 5 in Shields
  1678 | D:5      | Reached XP level 8. HP: 56/75 MP: 6/6
  1876 | D:6      | Reached skill level 6 in Fighting
  2224 | D:6      | Found a glowing drain.
  2240 | Sewer    | Entered a sewer
  2354 | Sewer    | Found a glowing silver altar of Zin.
  2736 | D:6      | Found a basalt altar of Yredelemnul.
  2736 | D:6      | Found a bloodstained altar of Trog.
  2736 | D:6      | Found a burning altar of Makhleb.
  2736 | D:6      | Found a radiant altar of Vehumet.
  2748 | D:6      | Found an ornate altar of the Wu Jian Council.
  2751 | D:6      | Became a worshipper of Makhleb the Destroyer
  2754 | D:6      | Found a stormy altar of Qazlal.
  2882 | D:7      | Noticed a hippogriff
  2890 | D:7      | Gained mutation: You passively map the area around you.
                  | [Deep Dwarf growth]
  2890 | D:7      | Reached XP level 9. HP: 76/85 MP: 5/5
  2898 | D:7      | Reached skill level 1 in Invocations
  2966 | D:7      | Reached skill level 7 in Fighting
  3063 | D:7      | Gained mutation: Your spells are a little easier to cast,
                  | but a little less powerful. [potion of mutation]
  3063 | D:7      | Gained mutation: You occasionally shout uncontrollably at
                  | your foes. [potion of mutation]
  3063 | D:7      | Gained mutation: You expend magic power (3 MP) to
                  | strengthen your wands. [potion of mutation]
  3063 | D:7      | Gained mutation: You possess an exceptional clarity of
                  | mind. [potion of mutation]
  3265 | D:7      | Reached * piety under Makhleb
  4068 | D:8      | Noticed Maurice
  4094 | D:8      | Killed Maurice
  4115 | D:8      | Reached skill level 8 in Fighting
  4437 | D:8      | Found Forruref's Antique Weapon Shoppe.
  4452 | D:8      | Bought a dazzling battleaxe for 276 gold pieces
  4457 | D:8      | Identified the +11 battleaxe "Dragonbane" {speed, +Rage rN+
                  | Int-4 Dex+3} (You bought it in a shop on level 8 of the
                  | Dungeon)
  4511 | D:8      | Noticed Psyche
  4519 | D:8      | Killed Psyche
  4519 | D:8      | Reached XP level 10. HP: 79/96 MP: 7/7
  4670 | D:8      | Found a runed translucent door.
  4878 | D:8      | Reached ** piety under Makhleb
  4927 | D:8      | Found a roughly hewn altar of Beogh.
  5001 | D:9      | Reached skill level 1 in Dodging
  5010 | D:9      | Found Itzommy's Food Shop.
  5092 | D:9      | Found Ginoe's Armour Shop.
  5108 | D:9      | Found Vohok's Weapon Shop.
  5123 | D:9      | Reached skill level 5 in Invocations
  5162 | D:9      | Found a shattered altar of Ashenzari.
  5168 | D:9      | Reached skill level 10 in Axes
  5271 | D:9      | Found a glowing golden altar of the Shining One.
  5393 | D:9      | Found a sacrificial altar of Ru.
  5528 | D:9      | Reached *** piety under Makhleb
  5604 | D:9      | Found Duubado's Jewellery Shop.
  5762 | D:10     | Entered Level 10 of the Dungeon
  5779 | D:10     | Reached skill level 9 in Fighting
  5779 | D:10     | Noticed Joseph
  5780 | D:10     | Noticed an elephant
  5807 | D:10     | Killed an elephant
  5814 | D:10     | Killed Joseph
  5841 | D:10     | Noticed a gargoyle
  5851 | D:10     | Killed a gargoyle
  5878 | D:10     | You fall into a shaft and drop 1 floor!
  5881 | D:11     | Reached XP level 11. HP: 100/106 MP: 8/8
  6003 | D:10     | Found a staircase to the Lair.
  6046 | D:10     | Killed an unseen horror
  6110 | D:10     | Paralysed by a hornet for 1 turns
  6115 | D:10     | Reached **** piety under Makhleb
  6123 | D:10     | Noticed a two-headed ogre
  6131 | D:10     | Killed a two-headed ogre
  6465 | D:11     | Reached skill level 10 in Fighting
  6482 | D:11     | Reached skill level 10 in Armour
  6508 | D:11     | Found a staircase to the Orcish Mines.
  6529 | D:11     | Reached ***** piety under Makhleb
  6852 | D:11     | Reached skill level 5 in Dodging
  6919 | D:11     | Killed an unseen horror
  7017 | D:11     | Noticed an eight-headed hydra
  7025 | D:11     | Killed a 12-headed hydra
  7032 | D:11     | Reached XP level 12. HP: 48/117 MP: 10/10
  7379 | D:12     | Noticed a two-headed ogre
  7384 | D:12     | Killed a two-headed ogre
  7756 | D:12     | Noticed a two-headed ogre
  7765 | D:12     | Killed a two-headed ogre
  7854 | D:13     | Noticed Nessos
  7863 | D:13     | Killed Nessos
  7863 | D:13     | Reached skill level 11 in Fighting
  8031 | D:13     | Noticed a centaur warrior
  8037 | D:13     | Killed a centaur warrior
  8116 | D:13     | Noticed Azrael
  8140 | D:13     | Killed Azrael
  8159 | D:13     | Noticed a centaur warrior
  8165 | D:13     | Killed a centaur warrior
  8252 | D:13     | Found a blossoming altar of Fedhas.
  8402 | D:13     | Noticed Erolcha
  8408 | D:13     | Reached XP level 13. HP: 127/127 MP: 13/13
  8413 | D:13     | Killed Erolcha
  8684 | D:14     | Reached skill level 10 in Invocations
  8743 | D:14     | Reached ****** piety under Makhleb
  8991 | D:14     | Reached skill level 12 in Fighting
  9008 | D:14     | Noticed Frances
  9032 | D:14     | Killed Frances
  9096 | D:14     | You fall into a shaft and drop 1 floor!
  9096 | D:15     | Entered Level 15 of the Dungeon
  9179 | D:15     | Found a staircase to the Depths.
  9430 | D:15     | Found a snail-covered altar of Cheibriados.
  9612 | D:15     | Gained mutation: You resist negative energy. (rN+) [Deep
                  | Dwarf growth]
  9612 | D:15     | Reached XP level 14. HP: 132/139 MP: 14/14
 10021 | D:14     | Found a gate to the Vaults.
 10137 | Orc:1    | Entered Level 1 of the Orcish Mines
 10151 | Orc:1    | Identified a scroll of acquirement
 10151 | Orc:1    | Identified the ring "Qiun" {+Blink rF+ rC++ Int-4 Slay+6}
                  | (You acquired it on level 1 of the Orcish Mines)
 10293 | Orc:2    | Entered Level 2 of the Orcish Mines
 10429 | Orc:2    | Found a staircase to the Elven Halls.
 10607 | Orc:2    | Noticed a stone giant
 10615 | Orc:2    | Killed a stone giant
 10642 | Orc:2    | Found Rukoph's Magic Scroll Shoppe.
 10646 | Orc:2    | Found Hihasos's Magic Scroll Emporium.
 10897 | Orc:2    | Reached skill level 13 in Fighting
 10907 | Orc:2    | Reached skill level 15 in Axes
 10946 | Orc:2    | Paralysed by an orc sorcerer for 6 turns
 10957 | Orc:2    | Paralysed by an orc sorcerer for 6 turns
 11138 | Orc:2    | Found Wimotor's Book Boutique.
 11138 | Orc:2    | Found a one-way gate leading to the halls of Pandemonium.
 11138 | Orc:2    | Found Fotuwk's Antique Armour Shop.
 11142 | Orc:2    | Bought a pair of embroidered gloves for 150 gold pieces
 11245 | Orc:1    | Noticed Josephine
 11255 | Orc:1    | Killed Josephine
 11700 | Lair:1   | Entered Level 1 of the Lair of Beasts
 11968 | Lair:1   | Noticed Sonja
 11998 | Lair:1   | Killed Sonja
 12104 | Lair:2   | Reached XP level 15. HP: 148/148 MP: 13/13
 12301 | Lair:2   | Found a staircase to the Snake Pit.
 13136 | Lair:3   | Found a staircase to the Swamp.
 13250 | Swamp:1  | Entered Level 1 of the Swamp
 13337 | Swamp:1  | Found a frozen archway.
 13568 | Swamp:1  | Identified the +2 pair of gloves of Lucidity {+Inv rElec
                  | rCorr} (You acquired it on level 1 of the Swamp)
 13736 | D:9      | Bought the +8 orange crystal plate armour {Archmagi, Int+3
                  | Clar} for 1734 gold pieces
 13736 | D:9      | Found the +8 orange crystal plate armour {Archmagi, Int+3
                  | Clar}
 13922 | Swamp:2  | Reached skill level 10 in Dodging
 13959 | Swamp:3  | Reached skill level 14 in Fighting
 13991 | Swamp:4  | Entered Level 4 of the Swamp
 14328 | Swamp:4  | Reached skill level 15 in Armour
 14329 | Swamp:4  | Noticed a thorn hunter
 14340 | Swamp:4  | Killed a thorn hunter
 14383 | Swamp:4  | Got a decaying rune of Zot
 14509 | Snake:1  | Entered Level 1 of the Snake Pit
 14607 | Snake:2  | Reached XP level 16. HP: 160/160 MP: 14/14
 15007 | Snake:3  | Noticed Aizul
 15021 | Snake:3  | Killed Aizul
 15034 | Snake:4  | Entered Level 4 of the Snake Pit
 15303 | Snake:4  | Reached skill level 15 in Fighting
 15540 | Snake:4  | Reached XP level 17. HP: 86/170 MP: 13/13
 15990 | Snake:4  | Got a serpentine rune of Zot
 16793 | Vaults:1 | Entered Level 1 of the Vaults
 16990 | Vaults:2 | Reached skill level 16 in Fighting
 17272 | Vaults:2 | Reached skill level 15 in Invocations
 17423 | Vaults:3 | Gained mutation: You passively map a large area around you.
                  | [Deep Dwarf growth]
 17423 | Vaults:3 | Reached XP level 18. HP: 180/183 MP: 15/15
 17961 | Vaults:4 | Reached skill level 17 in Fighting
 18561 | Vaults:5 | Entered Level 5 of the Vaults
 18636 | Vaults:5 | Reached XP level 19. HP: 193/193 MP: 16/16
 18657 | Vaults:5 | Noticed a golden dragon
 18688 | Vaults:5 | Reached skill level 18 in Fighting
 18743 | Vaults:5 | Killed a golden dragon
 19071 | Vaults:5 | Found the +7 great mace "Undeadhunter" {disrupt, rN+}
 19099 | Vaults:5 | Reached skill level 19 in Fighting
 19333 | Vaults:5 | Reached XP level 20. HP: 208/208 MP: 17/17
 19751 | Vaults:5 | Got a bound iron ring
 19756 | Vaults:5 | Got a silver rune of Zot
 19760 | Vaults:5 | Identified the amulet of Xoatuebb {RegenMP rN+ MR+} (You
                  | acquired it on level 5 of the Vaults)
 19769 | Vaults:5 | Identified the ring of Vokuosk {rF+ SInv Stlth+} (You found
                  | it on level 5 of the Vaults)
 19781 | Vaults:5 | Got a vibrating silver ring
 19789 | Vaults:5 | Identified the ring "Kiliacw" {+Fly Str+2} (You found it on
                  | level 5 of the Vaults)
 19791 | Vaults:5 | Identified the Guide on the Enthralling Rocks
 20086 | Depths:1 | Entered Level 1 of the Depths
 20163 | Depths:1 | Found a one-way gate to the infinite horrors of the Abyss.
 20249 | Depths:2 | Found a gateway to Hell.
 20283 | Depths:2 | Noticed Saint Roka
 20307 | Depths:2 | Killed Saint Roka
 20373 | Depths:2 | Reached skill level 20 in Fighting
 20638 | Depths:5 | Entered Level 5 of the Depths
 20656 | Depths:5 | Noticed Boris
 20656 | Depths:5 | Noticed a bone dragon
 20669 | Depths:5 | Killed Boris
 20679 | Depths:5 | Killed a bone dragon
 20793 | Depths:5 | Reached XP level 21. HP: 222/222 MP: 18/18
 20858 | Depths:5 | Found a gate to the Realm of Zot.
 20872 | Depths:5 | Reached skill level 21 in Fighting
 20881 | Zot:1    | Entered Level 1 of the Realm of Zot
 21208 | Zot:3    | Noticed a golden dragon
 21213 | Zot:3    | Killed a golden dragon
 21245 | Zot:4    | Noticed a golden dragon
 21275 | Zot:4    | Killed a golden dragon
 21506 | Zot:4    | Reached skill level 22 in Fighting
 21517 | Zot:5    | Entered Level 5 of the Realm of Zot
 21552 | Zot:5    | Noticed an orb of fire
 21556 | Zot:5    | Gained mutation: You are weak. (Str -2) [an orb of fire]
 21573 | Zot:5    | Killed an orb of fire
 21637 | Zot:5    | Reached XP level 22. HP: 232/235 MP: 19/19
 21656 | Zot:5    | Noticed an ancient lich
 21657 | Zot:5    | Noticed an orb of fire
 21657 | Zot:5    | Noticed an ancient lich
 21660 | Zot:5    | Noticed a Killer Klown
 21660 | Zot:5    | Noticed an ancient lich
 21665 | Zot:5    | Noticed a Killer Klown
 21672 | Zot:5    | Noticed a Killer Klown
 21673 | Zot:5    | Gained mutation: Armour fits poorly on your strangely
                  | shaped body. [an orb of fire]
 21674 | Zot:5    | Noticed a Killer Klown
 21685 | Zot:5    | Gained mutation: Your body sometimes deteriorates upon
                  | taking damage. [an orb of fire]
 21688 | Zot:5    | Killed an ancient lich
 21689 | Zot:5    | Killed an ancient lich
 21691 | Zot:5    | Killed an ancient lich
 21696 | Zot:5    | Killed an orb of fire
 21700 | Zot:5    | Killed a Killer Klown
 21700 | Zot:5    | Killed a Killer Klown
 21700 | Zot:5    | Reached skill level 23 in Fighting
 21715 | Zot:5    | Killed a Killer Klown
 21724 | Zot:5    | Noticed a golden dragon
 21729 | Zot:5    | Noticed a Killer Klown
 21743 | Zot:5    | Killed a golden dragon
 21759 | Zot:5    | Killed a Killer Klown
 21762 | Zot:5    | Killed a Killer Klown
 21847 | Zot:5    | Reached XP level 23. HP: 248/248 MP: 20/20
 21892 | Zot:5    | Got the Orb of Zot
 21916 | Zot:5    | Noticed an orb of fire
 21921 | Zot:5    | Gained mutation: You are frail. (-10% HP) [an orb of fire]
 21925 | Zot:5    | Gained mutation: You are very frail. (-20% HP) [an orb of
                  | fire]
 21944 | Zot:5    | Killed an orb of fire
 21954 | Zot:5    | Noticed a Killer Klown
 21956 | Zot:5    | Noticed a Killer Klown
 21958 | Zot:5    | Noticed an ancient lich
 21978 | Zot:5    | Killed a Killer Klown
 21978 | Zot:5    | Reached skill level 24 in Fighting
 21982 | Zot:5    | Killed a Killer Klown
 21984 | Zot:5    | Killed an ancient lich
 21998 | Zot:4    | Noticed Kosemec the pandemonium lord
 22008 | Zot:4    | Killed Kosemec the pandemonium lord
 22038 | Zot:3    | Noticed Qejyhef the pandemonium lord
 22107 | Depths:5 | Noticed Wedghecvo the pandemonium lord
 22773 | D:$      | Escaped with the Orb!

Levels and vault maps discovered:
D:1:      minmay_arrival_five_plusses, layout_loops_ring, serial_glass,
          glass_columns_b, glass_columns_a, glass_columns_a, glass_columns_b,
          glass_columns_a, glass_columns_a, glass_columns_c, glass_columns_c,
          grunt_decor_one_mirror, xom_teletrap_fun
D:2:      minmay_roachtagon, layout_loops_ring, first_ration, uniq_natasha
D:3:      layout_rooms, chequers_garden, minmay_misc_feat_nine_boxes,
          uniq_sigmund, uniq_ijyb
D:4:      layout_basic, serial_shops, kennysheep_little_box
D:5:      layout_basic, minmay_temple_entry_antechambers
D:6:      layout_loops_corners, minmay_overflow_temple_hex,
          portal_sewer_entry_a, mrwooster_statue_mirror
D:7:      layout_layer_cave
D:8:      cheibrodos_helix_gallery, layout_basic, serial_shops,
          nicolae_shop_overgrown_old_shop, lightli_church_of_beogh, uniq_psyche,
          uniq_maurice
D:9:      layout_basic, nicolae_ru_sacrificial_ziggurat,
          evilmike_ruin_ashenzari, serial_shops, shop_fountains,
          nicolae_shop_behind_doors, shop, shop, serial_undead, serial_undead_a,
          serial_undead_a, serial_undead_c, serial_undead_d, tso_metal_star
D:10:     layout_cave_pools, david_lair_generic, grunt_livestock,
          minmay_sticks_and_stones
D:11:     layout_long_grid, erik_orc_4, enter_bailey_6
D:12:     layout_irregular_city
D:13:     layout_basic, fedhas_altar_fruit_tree, uniq_erolcha, uniq_nessos,
          uniq_azrael
D:14:     layout_cave_pools, erik_vaults_1, uniq_frances
D:15:     grunt_enter_depths_snipers, layout_cave_pods,
          chequers_serial_rivers_micro_d, cheibriados_altar_1
Temple:   nicolae_temple_great_sept
Lair:1:   layout_roguey, small_statue_intersection, minmay_lair_oklob_chamber,
          uniq_sonja
Lair:2:   layout_hall_layers, guppyfry_snake_entry_island
Lair:3:   layout_gridlike, minmay_swamp_entry_worms,
          nicolae_quartered_pool_little, infiniplex_staircase_pool_2,
          serial_bayou_shore_b
Lair:4:   layout_regular_city, uniq_nergalle
Lair:5:   layout_regular_city, gammafunk_ghost_hydra_chop, beast_lair_carwin_6,
          lemuel_fruit_fields, grunt_megastairs_4
Swamp:1:  layout_basic_swamp, portal_ice_cave_entry_frozen_things,
          serial_swamp_ruin, hangedman_swamp_ruin_wall,
          evilmike_swamp_ruin_house_4, evilmike_swamp_ruin_rubble_1
Swamp:2:  layout_basic_swamp, nicolae_swamp_trees_clearing,
          infiniplex_staircase_pool, uniq_nikola, uniq_roxanne
Swamp:3:  layout_basic_swamp, lemuel_altar_in_water, swamp_pool1
Swamp:4:  swamp_alternative, layout_basic_swamp
Snake:1:  layout_basic, special_room, minmay_shoptagon
Snake:2:  cheibrodos_snake_ritualist_ritual, layout_honeycomb, drop_trap
Snake:3:  layout_chambers, nicolae_snake_single_loop, drop_trap,
          serial_bayou_shore_b, uniq_aizul
Snake:4:  grunt_snake_rune_spirals, layout_onion, st_stairs_6
Orc:1:    layout_caves, uniq_josephine
Orc:2:    pf_orc_diabolical, layout_caves
Vaults:1: hangedman_vaults_variations, v_misc_23,
          vaults_room_hangedman_quadrants, hangedman_vaults_stitches,
          nicolae_vaults_what_the_h, nicolae_vaults_little_ls,
          vaults_mumra_chevron, nicolae_vaults_mini_display_case,
          vaults_standard_mumra_x, vaults_room_mumra_shop_pool,
          nicolae_vaults_twisting_passages, v_misc_24, layout_vaults_omnibox
Vaults:2: grunt_vaults_focal, v_misc_8, ontoclasm_vaults_eye, vaults_room_pool,
          ontoclasm_vaults_misaligned, ontoclasm_vaults_fault,
          nicolae_vaults_little_squares_1, st_lines, ontoclasm_vaults_pinch,
          hangedman_vaults_maws, layout_vaults_chaotic_city
Vaults:3: minmay_crypt_entry_simple_sparse, hangedman_vaults_snaps, v_misc_30,
          ontoclasm_vaults_gallery, nicolae_vaults_triangles,
          grunt_vaults_hallway_long, vaults_dpeg_hooks, dpeg_vaults_monster_box,
          ontoclasm_vaults_ring_square, nicolae_vaults_little_squares_5,
          ontoclasm_vaults_shuriken, layout_vaults_omnicross, uniq_frederick
Vaults:4: vaults_standard_mumra_lines, v_alt_pattern_3, hangedman_vaults_impose,
          v_misc_18, nicolae_vaults_stairing_the_circle, vaults_room_fours,
          grunt_vaults_twisty, vaults_dpeg_diagonal, layout_vaults_quadrants,
          serial_shops, bzr_firewalk
Vaults:5
Depths:1: layout_cave_shapes, pan_entry, abyss_entry, hell_entry,
          kennysheep_boxes, chequers_serial_rivers_large_b,
          minmay_fire_ice_demons
Depths:2: nicolae_whirlpool, layout_twisted_cross, serial_bayou_lagoon_a,
          hell_entry, hangedman_abyss_entry_splay, serial_bayou_shore_b,
          infiniplex_staircase_spiral, grunt_megastairs_2, uniq_saint_roka
Depths:3: kennysheep_big_flooded_room, layout_basic, abyss_entry, hell_entry,
          rand_demon_pan_entry_3, muffindrake_ghost_three_little_ghosts,
          infiniplex_staircase_river
Depths:4: minmay_complete_graph, layout_gridlike, serial_shops, bzr_entry_gold,
          hell_entry, abyss_entry, kennysheep_nondescript
Depths:5: evilmike_zot_entry_diamond, layout_cave_pools, enter_ziggurat_f,
          grunt_decor_resistance, nicolae_abyss_entry_one_way_or_another,
          rand_demon_pan_entry_7, pf_hell_entry_tar_river, uniq_boris
Zot:1:    layout_onion_interference, zot_minivault_1, grunt_megastairs_1
Zot:2:    layout_gridlike, nicolae_lava_and_water, zot_minivault_4
Zot:3:    kennysheep_blocky_hall, layout_basic
Zot:4:    gammafunk_its_a_trap, layout_twisted_circle
Zot:5:    layout_twisted_circle

Skill      XL: |  1  2  3  4  5  6  7  8  9 10 11 12 13 14 15 16 17 18 19 20 21 22 23 |
---------------+----------------------------------------------------------------------+-----
Fighting       | 3 4 5 6 8 9 10 11 12 13 14 15 16 17 19 20 22 23 24 | 24.4
Axes           | 3 4 5 6 7 9 10 12 13 14 15 16 17 18 20 | 20.0
Armour         | 4 5 6 7 9 10 12 13 14 15 16 17 18 19 20 21 22 | 22.6
Shields        | 4 5 6 |  6.1
Invocations    | 4 6 7 9 10 12 13 14 15 | 15.0
Dodging        | 3 5 6 8 9 10 11 12 | 12.2

Action                   |  1- 3 |  4- 6 |  7- 9 | 10-12 | 13-15 | 16-18 | 19-21 | 22-24 || total
-------------------------+-------+-------+-------+-------+-------+-------+-------+-------++-------
Melee: War axe           |    71 |   115 |   382 |       |       |       |       |       ||   568
       Hand axe          |       |       |    18 |       |       |       |       |       ||    18
       Battleaxe         |       |       |     6 |   495 |   861 |  1004 |   914 |   329 ||  3609
Invok: Lesser Servant of |       |       |       |     2 |       |       |       |       ||     2
       Greater Servant o |       |       |       |       |       |       |       |     2 ||     2
 Abil: Heal Wounds       |       |     4 |    23 |     2 |    12 |     7 |     2 |     2 ||    52
  Use: Scroll            |       |       |    17 |     1 |    13 |     4 |    14 |     2 ||    51
       Potion            |       |       |     2 |       |       |     4 |     1 |     6 ||    13
 Stab: Distracted        |       |       |       |       |       |       |       |     1 ||     1
  Eat: Chunk             |       |     1 |     6 |    14 |    15 |    10 |     7 |       ||    53
       Ration            |       |       |     2 |     1 |     2 |     1 |     1 |     1 ||     8
Armor: Scale mail        |    31 |    54 |   170 |       |       |       |       |       ||   255
       Chain mail        |       |       |    47 |   291 |   282 |       |       |       ||   620
       Crystal plate arm |       |       |       |       |   256 |   501 |   709 |   341 ||  1807
Dodge: Dodged            |    26 |    50 |   132 |   335 |   713 |   499 |   452 |   134 ||  2341
Block: Kite shield       |    29 |    77 |   282 |       |       |       |       |       ||   388

Table legend:
 A = Non-vault XP
 B = Vault XP
 C = Vault XP percentage of total XP
 D = Non-vault monster count
 E = Vault monster count
 F = Vault count percentage of total count
                 A         B        C        D         E       F
            +---------+---------+-------+---------+---------+-------
      Total |  411881 |  489751 |  54.3 |     863 |     529 |  38.0
            +---------+---------+-------+---------+---------+-------
        D:1 |      15 |       0 |   0.0 |       7 |       0 |   0.0
        D:2 |       1 |       0 |   0.0 |       1 |       0 |   0.0
        D:3 |       5 |       0 |   0.0 |       2 |       0 |   0.0
        D:4 |     629 |       0 |   0.0 |      29 |       0 |   0.0
        D:5 |     821 |       0 |   0.0 |      32 |       0 |   0.0
        D:6 |    1079 |      21 |   1.9 |      21 |       5 |  19.2
        D:7 |    1359 |       0 |   0.0 |      27 |       0 |   0.0
        D:8 |     837 |    1392 |  62.4 |      18 |      27 |  60.0
        D:9 |    1454 |     858 |  37.1 |      27 |      13 |  32.5
       D:10 |    5018 |    2557 |  33.8 |      37 |      10 |  21.3
       D:11 |    5142 |     510 |   9.0 |      32 |      15 |  31.9
       D:12 |    5708 |       0 |   0.0 |      28 |       0 |   0.0
       D:13 |    8331 |    4827 |  36.7 |      32 |      11 |  25.6
       D:14 |    8338 |    4197 |  33.5 |      31 |       3 |   8.8
       D:15 |   11705 |    2268 |  16.2 |      31 |       3 |   8.8
     Lair:1 |    3354 |     802 |  19.3 |      18 |       1 |   5.3
     Lair:2 |    4127 |       0 |   0.0 |      24 |       0 |   0.0
     Lair:3 |    2176 |     624 |  22.3 |       7 |       4 |  36.4
     Lair:4 |    1865 |       0 |   0.0 |       9 |       0 |   0.0
     Lair:5 |    3129 |    5795 |  64.9 |      12 |      12 |  50.0
    Swamp:1 |    8182 |    1081 |  11.7 |      16 |       3 |  15.8
    Swamp:2 |    1957 |       0 |   0.0 |       7 |       0 |   0.0
    Swamp:3 |    6185 |       0 |   0.0 |      15 |       0 |   0.0
    Swamp:4 |    6822 |   15311 |  69.2 |      17 |      23 |  57.5
    Snake:1 |    3381 |       0 |   0.0 |       6 |       0 |   0.0
    Snake:2 |   14139 |    2740 |  16.2 |      24 |       5 |  17.2
    Snake:3 |    4270 |    1632 |  27.7 |      11 |       1 |   8.3
    Snake:4 |    4748 |   59685 |  92.6 |       6 |      91 |  93.8
      Orc:1 |    4401 |    2079 |  32.1 |      31 |       6 |  16.2
      Orc:2 |    6613 |   18083 |  73.2 |      35 |      58 |  62.4
   Vaults:1 |     541 |    8295 |  93.9 |       1 |      22 |  95.7
   Vaults:2 |   21057 |    9248 |  30.5 |      42 |       8 |  16.0
   Vaults:3 |   24637 |   10868 |  30.6 |      29 |      14 |  32.6
   Vaults:4 |    8912 |   12108 |  57.6 |      15 |      17 |  53.1
   Vaults:5 |   30266 |  117275 |  79.5 |      33 |      89 |  73.0
   Depths:1 |    2967 |       0 |   0.0 |       2 |       0 |   0.0
   Depths:2 |   19104 |    7627 |  28.5 |      22 |      15 |  40.5
   Depths:3 |   16825 |       0 |   0.0 |      21 |       0 |   0.0
   Depths:4 |    3002 |       0 |   0.0 |       2 |       0 |   0.0
   Depths:5 |   32677 |   23884 |  42.2 |      29 |      15 |  34.1
      Zot:1 |   20904 |       0 |   0.0 |      13 |       0 |   0.0
      Zot:2 |   10011 |   23516 |  70.1 |       5 |      12 |  70.6
      Zot:3 |    4765 |       0 |   0.0 |       2 |       0 |   0.0
      Zot:4 |   25584 |       0 |   0.0 |      14 |       0 |   0.0
      Zot:5 |   64838 |  152311 |  70.1 |      40 |      36 |  47.4
      Sewer |       0 |     157 | 100.0 |       0 |      10 | 100.0
            +---------+---------+-------+---------+---------+-------
